 Dungeon Crawl Stone Soup version 0.16.2-12-gd0ad4c3 (webtiles) character file.

4512 Kloppie the Spear-Bearer (level 10, -4/94 HPs)
             Began as a Minotaur Berserker on Oct 30, 2015.
             Was a High Priest of Trog.
             Killed from afar by a raiju (13 damage)
             ... with a living lightning
             ... on level 1 of the Abyss.
             The game lasted 00:19:48 (8744 turns).

Kloppie the Spear-Bearer (Minotaur Berserker)       Turns: 8744, Time: 00:19:48

Health: -4/94      AC: 18    Str: 22    XL:     10   Next: 16%
Magic:  4/4        EV:  9    Int:  4    God:    Trog [*****.]
Gold:   246        SH:  0    Dex: 13    Spells: 0 memorised, 9 levels left

rFire  . . .     SeeInvis +     a - +1 trident
rCold  . . .     Clarity  .     I - +0 plate armour
rNeg   . . .     SustAb   +     (no shield)
rPois  .         Gourm    .     (helmet restricted)
rElec  .         Spirit   .     G - +0 cloak {+Inv}
rCorr  .         Warding  .     J - +0 pair of gloves
rMut   .         Stasis   .     o - +1 pair of boots (curse)
MR     .....                    k - amulet of faith
Stlth  ..........               P - ring of sustain abilities
                                B - ring of see invisible

@: not resistant to hostile enchantments, extremely unstealthy
A: retaliatory headbutt, horns 2
a: Burn Spellbooks, Berserk, Trog's Hand, Brothers in Arms, Renounce Religion,
Evoke Invisibility


You were on level 1 of the Abyss.
You worshipped Trog.
Trog was extremely pleased with you.
You were not hungry.

You visited 2 branches of the dungeon, and saw 10 of its levels.
You visited the Abyss 1 time.

You collected 586 gold pieces.
You spent 340 gold pieces at shops.

Inventory:

Hand weapons
 a - a +1 trident (weapon)
 K - a +1 shortbow of flaming
Missiles
 x - 9 tomahawks of returning (quivered)
Armour
 o - a cursed +1 pair of boots (worn)
 G - a +0 cloak of invisibility (worn)
 I - a +0 plate armour (worn)
 J - a +0 pair of gloves (worn)
Jewellery
 k - an amulet of faith (around neck)
 B - a ring of see invisible (left hand)
 F - a +4 ring of dexterity
 H - a cursed -5 ring of dexterity
 N - the ring "Dodiofo" {Wiz rF- MR+ Str+6}
   (You found it on level 7 of the Dungeon)

   [ring of wizardry]

   It improves your spell success rate.
   It affects your strength (+6).
   It makes you vulnerable to fire.
   It affects your resistance to hostile enchantments.
 P - a ring of sustain abilities (right hand)
Magical devices
 e - a wand of confusion (29)
 l - a wand of flame (21)
 r - a wand of confusion (27)
 w - a wand of flame (48)
 y - a wand of random effects (17)
 A - a wand of slowing (27)
 C - a wand of flame (32)
 E - a wand of fireball (2)
Scrolls
 b - 6 scrolls of remove curse
 g - 7 scrolls of teleportation
 h - 2 scrolls of recharging
 m - a scroll of immolation
 p - a scroll of enchant armour
 L - a scroll of noise
 Q - 3 scrolls of identify
 R - a scroll of enchant weapon
 T - a scroll of fog
Potions
 d - a potion of agility
 f - a potion of might
 n - 3 potions of curing
 q - a potion of ambrosia
 s - a potion of resistance
 t - a potion of brilliance
 u - a potion of magic
 v - a potion of cancellation
 D - a potion of heal wounds
 O - a potion of berserk rage {unknown}
Books
 U - a book of Frost

   Spells                             Type                      Level
   a - Freeze                         Ice                          1
   b - Throw Frost                    Conjuration/Ice              2
   c - Ozocubu's Armour               Charms/Ice                   3
   d - Throw Icicle                   Conjuration/Ice              4
   e - Summon Ice Beast               Ice/Summoning                4
   f - Condensation Shield            Ice                          4
   Trog disapproves of the use of such an item.
Comestibles
 c - 7 bread rations
 i - a fruit
 j - 2 meat rations
 z - a royal jelly


   Skills:
 - Level 10.9 Fighting
 - Level 10.9 Polearms
 + Level 7.4 Armour
 + Level 6.8 Dodging


You had 9 spell levels left.
You didn't know any spells.

Dungeon Overview and Level Annotations

Branches:
Dungeon (9/15)             Temple (1/1) D:7             Orc (0/4) D:9
   Lair: D:8-11

Altars:
Ashenzari
Cheibriados
Dithmenos
Elyvilon
Fedhas
Gozag
Kikubaaqudgha
Makhleb
Nemelex Xobeh
Ru
Sif Muna
Trog
Vehumet
Xom
Yredelemnul
Zin
The Shining One

Shops:
D:7 *   D:8 *

Annotations:
D:9 1 runed door, Psyche


Innate Abilities, Weirdness & Mutations

You reflexively headbutt those who attack you in melee.
You have a pair of horns on your head.


Message History

The thrashing horror closely misses you.
The ancient lich casts a spell.
The thrashing horror tramples you but does no damage.
The thrashing horror closely misses you.
Your magical contamination has completely faded away.
There is an open door here.
The Brimstone Fiend calls on the powers of darkness!
Your body is wracked with pain!
* * * LOW HITPOINT WARNING * * *
The ancient lich mumbles some strange words.
The ancient lich seems to speed up.
Found a gateway leading deeper into the Abyss. 3 raiju come into view.
The raiju barks! x3
A raiju comes into view.
The raiju barks!
The raiju bursts into living lightning!
The living lightning hits the raiju.
The raiju completely resists.
The living lightning hits you!
You die...

## .##.# #.##..
####.#..#
#..h..##.#### .
..##..
#h.....#...#.# . ..
.
#hh.#.##.#.#........
#....###.#...... #..
#.#.#@.##.# #....##
. #....#.##.#
#........ #.##.
#.#.# #...1. .. # ..
##L# ..L #.. .># #.#
### # . #.#
#.##1#### #.. . #.
.........L. .. #.
..##.# . .... ...#.#
#.... .....# .#


You could see 4 raiju.

Vanquished Creatures
  Pikel (D:6)
  A cyclops (D:9)
  Grinder (D:6)
  Prince Ribbit (D:6)
  2 ice beasts (D:8)
  A water moccasin (D:5)
  A sky beast (D:6)
  A phantom (D:4)
  An orc warrior (D:9)
  A necrophage (D:9)
  4 ogres
  7 giant frogs
  3 killer bees (D:8)
  3 scorpions
  A spriggan skeleton (D:9)
  A troll skeleton (D:9)
  4 crimson imps
  A hound (D:6)
  A goliath beetle (D:6)
  2 centaur skeletons
  2 gnoll shamans
  Crazy Yiuf (D:6)
  5 orc priests
  8 orc wizards
  An iguana (D:5)
  Natasha (twice) (D:3)
  6 worker ants
  3 sheep (D:9)
  Ijyb (D:4)
  A mummy (D:7)
  A hound zombie (D:7)
  2 hound skeletons
  2 worker ant zombies
  14 adders
  11 gnolls
  2 shadow imps
  A giant mite (D:3)
  5 worms
  An adder skeleton (D:4)
  5 giant geckos
  4 oozes
  30 orcs
  A ball python (D:7)
  15 bats
  6 giant cockroaches
  23 goblins
  15 hobgoblins
  19 jackals
  A quokka (D:3)
  A giant gecko skeleton (D:4)
  3 giant newts
  A giant spore (D:8)
  17 kobolds
  12 rats
  3 ballistomycetes
263 creatures vanquished.

Vanquished Creatures (others)
  A slave (D:6)
  An adder (D:6)
  A giant spore (D:7)
3 creatures vanquished.

Grand Total: 266 creatures vanquished

Notes
Turn   | Place    | Note
--------------------------------------------------------------
     0 | D:1      | Kloppie, the Minotaur Berserker, began the quest for the Orb.
     0 | D:1      | Reached XP level 1. HP: 19/19 MP: 1/1
   355 | D:1      | Reached skill level 4 in Fighting
   356 | D:1      | Reached XP level 2. HP: 22/27 MP: 1/1
   552 | D:1      | Acquired Trog's second power
   574 | D:1      | Reached XP level 3. HP: 17/33 MP: 2/2
  1281 | D:2      | Reached skill level 5 in Fighting
  1350 | D:2      | Reached XP level 4. HP: 25/42 MP: 2/2
  1477 | D:2      | Reached skill level 5 in Polearms
  2033 | D:3      | Reached XP level 5. HP: 17/48 MP: 2/2
  2262 | D:3      | Noticed Natasha
  2271 | D:3      | Killed Natasha
  2392 | D:3      | Reached skill level 6 in Polearms
  2555 | D:3      | Noticed Natasha
  2558 | D:3      | Killed Natasha
  2769 | D:4      | Noticed an ogre
  2773 | D:4      | Killed an ogre
  2773 | D:4      | Reached XP level 6. HP: 56/58 MP: 3/3
  2885 | D:4      | Acquired Trog's third power
  2912 | D:4      | Noticed Ijyb
  2925 | D:4      | Killed Ijyb
  2985 | D:4      | Received a gift from Trog
  3050 | D:4      | Found a snail-covered altar of Cheibriados.
  3196 | D:4      | Noticed a phantom
  3276 | D:4      | Reached skill level 7 in Fighting
  3366 | D:4      | Noticed an ogre
  3374 | D:4      | Killed an ogre
  3374 | D:4      | Reached XP level 7. HP: 60/66 MP: 3/3
  3740 | D:4      | Killed a phantom
  4014 | D:5      | Entered Level 5 of the Dungeon
  4167 | D:5      | Reached skill level 8 in Fighting
  5173 | D:5      | Reached XP level 8. HP: 75/75 MP: 3/3
  5494 | D:5      | Reached skill level 9 in Fighting
  5678 | D:6      | Noticed Grinder
  5714 | D:6      | Killed Grinder
  5715 | D:6      | Found a deep blue altar of Sif Muna.
  5836 | D:6      | Noticed Prince Ribbit
  5843 | D:6      | Killed Prince Ribbit
  5858 | D:6      | Found a shattered altar of Ashenzari.
  5895 | D:6      | Found a shadowy altar of Dithmenos.
  5920 | D:6      | Got a silken robe
  5943 | D:6      | Reached skill level 10 in Polearms
  5945 | D:6      | Reached skill level 10 in Fighting
  5972 | D:6      | Noticed Pikel
  5981 | D:6      | Killed Pikel
  5981 | D:6      | Reached XP level 9. HP: 60/86 MP: 4/4
  6159 | D:6      | Identified the cursed -1 robe "Tresoson" {+Fly Int+3} (You found it on level 6 of the Dungeon)
  6200 | D:6      | Noticed Crazy Yiuf
  6205 | D:6      | Killed Crazy Yiuf
  6393 | D:6      | Found an ancient bone altar of Kikubaaqudgha.
  6512 | D:6      | Found a sparkling altar of Nemelex Xobeh.
  6852 | D:7      | Received a gift from Trog
  6927 | D:7      | Found Chuuxzua's General Store.
  6940 | D:7      | Bought a scroll of noise for 14 gold pieces
  6940 | D:7      | Bought a potion of haste for 140 gold pieces
  6971 | D:7      | Got a sparkling jade ring
  7077 | D:7      | Found a staircase to the Ecumenical Temple.
  7140 | Temple   | Entered the Ecumenical Temple
  7376 | D:7      | Identified the ring "Dodiofo" {Wiz rF- MR+ Str+6} (You found it on level 7 of the Dungeon)
  7420 | D:8      | Found Betyx's Assorted Antiques.
  7423 | D:8      | Bought a scroll labeled SMIUBR BRAECKI for 31 gold pieces
  7423 | D:8      | Bought a diamond ring for 155 gold pieces
  7528 | D:8      | Reached skill level 5 in Armour
  7671 | D:8      | Reached skill level 5 in Dodging
  8066 | D:9      | Noticed Psyche
  8317 | D:9      | Found a runed door.
  8325 | D:9      | Reached XP level 10. HP: 86/94 MP: 4/4
  8430 | D:9      | Found a staircase to the Orcish Mines.
  8469 | D:9      | Noticed a cyclops
  8499 | D:9      | Killed a cyclops
  8610 | D:9      | Cast into the Abyss (Psyche)
  8610 | Abyss:1  | Found a corrupted altar of Lugonu.
  8640 | Abyss:1  | Noticed a salamander
  8718 | Abyss:1  | Noticed an ancient lich
  8719 | Abyss:1  | Noticed a thrashing horror
  8726 | Abyss:1  | Noticed a Brimstone Fiend
  8744 | Abyss:1  | Killed from afar by a raiju

Action                   |  1- 3 |  4- 6 |  7- 9 | 10-12 || total
-------------------------+-------+-------+-------+-------++-------
Melee: Spear             |   142 |   211 |    89 |       ||   442
       Trident           |       |       |   414 |    54 ||   468
Throw: Tomahawk          |       |       |     2 |       ||     2
Invok: Berserk           |       |     1 |     3 |     2 ||     6
       Trog's Hand       |       |       |     3 |     2 ||     5
  Use: Scroll            |       |       |    23 |       ||    23
       Potion            |       |       |       |     1 ||     1
  Eat: Chunk             |     1 |     8 |    11 |     3 ||    23
       Meat ration       |       |       |     1 |     1 ||     2
       Beef jerky        |       |       |     2 |       ||     2
